Map: Hard Lead LE

Players

A.I. 2 (Very Easy) - Winner!

  • Race: Zerg Zerg
  • Spawn Location: 5:00

HuShang

  • Race: Protoss Protoss
  • League: Master
  • Spawn Location: 11:00

VOD

Have the link to the VOD?

Description

Time

  • Played on: Jan. 6, 2024, 6:59 p.m.
  • Length: 7:27
Show
View Real Time Build Order
Export as new Build Order

A.I. 2 (Very Easy) Zerg - Winner!

Build Orders: Hatch First 

Get SALT Encoding   

  12  0:00  Drone  
  13  0:12  Overlord  
  13  0:16  Drone  
  14  0:42  Hatchery  
  13  0:45  Drone  
  14  1:04  Spawning Pool  
  13  1:05  Extractor  
  13  1:07  Drone  
  13  1:14  Drone  
  14  1:19  Overlord  
  14  1:50  Queen  
  14  1:51  Zergling x2  
  14  1:53  Zergling x2  
  18  1:58  Roach Warren  
  17  2:03  Drone  
  18  2:09  Extractor  
  18  2:11  Drone  
  18  2:16  Zergling x2  
  18  2:22  Drone  
  20  2:29  Drone  
  21  2:36  Drone  
  22  2:43  Drone  
  23  2:50  Drone  
  24  2:57  Drone  
  25  3:04  Roach  
  25  3:05  Drone  
  28  3:09  Overlord  
  26  3:15  Drone  
  25  3:22  Drone  
  23  3:30  Drone  
  22  3:37  Drone  
  23  3:44  Drone  
  24  3:51  Drone, Roach  
  27  3:57  Lair  
  27  3:58  Drone  
  28  4:10  Drone  
  29  4:18  Drone  
  30  4:25  Drone  
  31  4:32  Drone, Extractor  
  33  4:38  Roach  
  33  4:39  Drone  
  34  4:46  Drone  
  34  4:48  Overlord  
  35  4:53  Drone  
  35  4:56  Overseer  
  35  4:58  Overseer  
  36  5:01  Drone  
  37  5:08  Drone  
  38  5:15  Drone  
  39  5:23  Drone  
  39  5:25  Roach  
  42  5:30  Drone  
  43  5:37  Drone  
  44  5:44  Drone  
  44  5:46  Overlord  
  45  5:52  Drone  
  46  5:59  Drone  
  47  6:06  Drone  
  48  6:13  Drone  
  49  6:19  Extractor  
  49  6:20  Drone  
  49  6:27  Drone  
  50  6:35  Drone  
  51  6:42  Drone  
  52  6:49  Drone  
  53  6:59  Zergling x2  
  53  7:00  Overlord  
  54  7:06  Drone  
  50  7:14  Drone  
Show
View Real Time Build Order
Export as new Build Order

HuShang Protoss 

Build Orders:  

Get SALT Encoding   

  12  0:00  Probe  
  13  0:12  Probe  
  14  0:18  Pylon  
  14  0:24  Probe  
  15  0:36  Probe (Chrono Boost)  
  15  0:38  Gateway  
  16  0:49  Probe (Chrono Boost)  
  17  0:53  Assimilator  
  17  0:55  Probe (Chrono Boost)  
  18  1:03  Probe (Chrono Boost)  
  19  1:06  Assimilator  
  19  1:15  Gateway, Probe (Chrono Boost)  
  20  1:20  Probe (Chrono Boost)  
  21  1:26  Cybernetics Core  
  21  1:38  Pylon  
  21  1:39  Probe  
  22  1:51  Probe  
  23  2:03  Adept x2  
  23  2:04  Warp Gate  
  27  2:14  Pylon  
  27  2:33  Stalker x2  
  31  2:43  Nexus  
  31  2:47  Probe  
  32  2:59  Probe  
  32  3:03  Sentry x2  
  37  3:14  Probe  
  37  3:16  Robotics Facility  
  38  3:26  Probe  
  39  3:27  Stalker  
  39  3:30  Stalker  
  39  3:44  Shield Battery  
  39  3:49  Shield Battery  
  39  3:55  Probe  
  40  3:56  Probe  
  41  4:06  Observer (Chrono Boost), Twilight Council  
  41  4:07  Probe  
  41  4:08  Probe  
  44  4:17  Immortal (Chrono Boost)  
  44  4:19  Probe  
  44  4:20  Probe  
  50  4:30  Resonating Glaives (Chrono Boost)  
  50  4:31  Probe  
  50  4:32  Probe  
  50  4:33  Pylon  
  52  4:43  Probe  
  52  4:44  Probe  
  54  4:53  Assimilator, Immortal (Chrono Boost)  
  54  4:55  Probe  
  54  4:56  Probe  
  60  5:07  Probe  
  60  5:08  Probe  
  60  5:14  Gateway x2  
  62  5:17  Gateway  
  62  5:20  Gateway  
  62  5:25  Pylon  
  62  5:32  Pylon  
  62  5:40  Warp Prism (Chrono Boost)  
  62  5:43  Gateway, Probe x2  
  62  5:49  Sentry x2  
  70  5:55  Pylon  
  70  5:56  Pylon  
  70  6:12  Adept x3  
  70  6:13  Adept  
  70  6:17  Adept x2  
  82  6:28  Gateway  
  82  6:38  Adept x6  
  94  6:43  Pylon x2  
  94  7:01  Adept x3  
  94  7:02  Adept x3  
  104  7:22  Adept x3  
Tags
 
League
Master
Matchup
PvZ
Spawn Locations
Cross Positions
Add a new tag
Caveats
  • Supply blocks, unpowered buildings, or Contaminate may cause inaccurate times.
  • Supply counts are checked every 10 seconds.